 Dungeon Crawl Stone Soup version 0.31-a0-174-g85c54bcb58 (webtiles) character file.

Game seed: 3723058713624616704

237 qw the Shooter (level 6, -2/38 HPs)
             Began as a Gargoyle Hunter on June 15, 2023.
             Slain by an ogre
             ... wielding a +0 giant club
              (18 damage)
             ... on level 3 of the Dungeon.
             The game lasted 00:01:00 (2411 turns).

qw the Shooter (Gargoyle Hunter)                    Turns: 2411, Time: 00:01:01

Health: -2/38      AC: 10    Str: 14    XL:     6   Next: 6%
Magic:  6/6        EV: 10    Int: 10    God:
Gold:   111        SH:  0    Dex: 15    Spells: 5/5 levels left

rFire   . . .        Y - +0 shortbow (flame)
rCold   . . .        (shield currently unavailable)
rNeg    + . .        d - +0 ring mail
rPois   inf          b - +0 helmet
rElec   +            (no cloak)
rCorr   +            (no gloves)
SInv    .            (no boots)
Will    .....        (no amulet)
Stlth   +            a - ring of resist corrosion
HPRegen 0.26/turn    (no ring)
MPRegen 0.10/turn

%: no passive effects
@: no status effects
A: sickness immunity, AC +4, negative energy resistance 1, electricity
resistance, torment resistance 1, petrification resistance
a: no special abilities


You were on level 3 of the Dungeon.
You visited 1 branch of the dungeon, and saw 4 of its levels.

You collected 139 gold pieces.
You spent 28 gold pieces at shops.


Innate Abilities, Weirdness & Mutations

You are immune to sickness and miasma.
Your stone body is resilient. (AC +4)
You are immune to poison.
You resist negative energy. (rN+)
You are resistant to electric shocks. (rElec)
You are resistant to unholy torment.
You are immune to petrification.


   Skills:
 - Level 4.2 Fighting
 + Level 6.1 Ranged Weapons
 - Level 1.1 Armour
 - Level 1.5 Dodging
 - Level 1.1 Stealth


You had 5 spell levels left.
You didn't know any spells.
Your spell library was empty.

Inventory:

Hand Weapons
 Y - a +0 shortbow of flaming (weapon)
Armour
 b - a +0 helmet (worn)
 d - a +0 ring mail (worn)
Jewellery
 a - a ring of resist corrosion (left hand)
Scrolls
 c - a scroll of identify
Potions
 f - a potion of brilliance {unknown}
 g - a potion of lignification
 h - a potion of mutation {unknown}
 i - a potion of might

Dungeon Overview and Level Annotations

Branches:
Dungeon (4/15)
 Temple: D:4-7

Altars:
Ashenzari
Elyvilon
Sif Muna
Trog

Shops:
D:1 !   D:2 ?


Message History

There is an open door here.
Done exploring.
Enter note:
Enter note:
Enter note:
Enter note:
Enter note:
Enter note:
Enter note:
Enter note:
Enter note:
Enter note:
Enter note:
Enter note: Done exploring.
2383 ||| DROPPING ring of wizardry.
You drop a ring of wizardry.
Done exploring.
(D) Dungeon
Where to? (* - list waypoints, Enter - D:3, ? - help)
What level of the Dungeon? (default 1, ? - help)
There is an open door here.
There is a stone staircase leading down here.
You climb downwards.
The ogre shouts!
Found a stone staircase leading down.
There is a stone staircase leading up here.
An ogre is nearby!
Waypoint 3 assigned to D:4.
You shoot an arrow. The arrow barely misses the ogre.
The ogre hits you with a +0 giant club!!
Ouch! That really hurt!
2408 ||| STAIRDANCE You climb upwards.
There is a stone staircase leading down here.
You shoot an arrow. The arrow completely misses the ogre.
The ogre closely misses you.
You shoot an arrow. The arrow hits the ogre.
The arrow burns the ogre.
The ogre is lightly wounded.
The ogre hits you with a +0 giant club!!
You die...

#.......).######
#.#######)#....#
#.#......).....#
#.#............#
#.#............#########
#.#....................# #
#.#....................###
#.#....................'.'
#.#......@....#........###
#.#......O.............# #
#.#........###.........# #
#.########## ##........# #
#.# #.########## ####.#
#.###....... #....#
#........... ##.###
#........... #.#
#...........


You could see an ogre.

Vanquished Creatures
  An orc priest (D:3)
  Jessica (D:3)
  2 orc wizards (D:3)
  5 gnolls (D:3)
  2 adders
  2 worms
  A dart slug (D:2)
  5 orcs
  2 ball pythons
  5 bats
  3 endoplasms
  4 giant cockroaches
  7 goblins
  5 hobgoblins (D:1)
  3 kobolds
  4 quokkas
  2 frilled lizards
  A rat (D:2)
55 creatures vanquished.

Notes
Turn   | Place    | Note
-------+----------+-------------------------------------------
     0 | D:1      | qw the Gargoyle Hunter began the quest for the Orb.
     0 | D:1      | Reached XP level 1. HP: 12/12 MP: 1/1
     0 | D:1      | 0 ||| qw: Version: 0.2-a-29-g511e9b1
     0 | D:1      | 0 ||| qw: Game counter: 5508
     0 | D:1      | 0 ||| qw: Always use a shield: true
     0 | D:1      | 0 ||| qw: God list: Okawaru
     0 | D:1      | 0 ||| qw: Allow faded altars: false
     0 | D:1      | 0 ||| qw: Do Orc after D:15 true
     0 | D:1      | 0 ||| qw: Do second Lair branch before Depths: true
     0 | D:1      | 0 ||| qw: Lair rune preference: random
     0 | D:1      | 0 ||| qw: Plans: Normal, Zot:1-4, Slime:5, God:TSO, Crypt,
                  | Tomb, Abyss, Pan, Hells, Win
     0 | D:1      | 0 ||| PLANNING D:1-11
    14 | D:1      | Found Tal Ball's Distillery.
    22 | D:1      | 22 ||| SHOPLISTING potion of attraction (39 gold, have 0).
    22 | D:1      | 22 ||| SHOPLISTING potion of cancellation (104 gold, have
                  | 0).
    22 | D:1      | 22 ||| SHOPLISTING potion of curing (39 gold, have 0).
    22 | D:1      | 22 ||| SHOPLISTING potion of heal wounds (65 gold, have 0).
    22 | D:1      | 22 ||| SHOPLISTING potion of resistance (130 gold, have 0).
   197 | D:1      | Reached XP level 2. HP: 17/17 MP: 2/2
   557 | D:1      | Reached XP level 3. HP: 21/21 MP: 3/3
   801 | D:1      | 801 ||| UPGRADING to +0 ring mail.
   811 | D:1      | 811 ||| DROPPING +0 leather armour.
   812 | D:1      | 812 ||| READING scroll labelled ROMUIC HOSME.
   813 | D:1      | 813 ||| READING scroll labelled LOXZIAN NOUK.
   814 | D:1      | 814 ||| READING scroll labelled RIPYCITTIA.
   815 | D:1      | 815 ||| READING scroll labelled MIEKHL JUAD.
   816 | D:1      | 816 ||| DROPPING scroll of butterflies.
   898 | D:2      | Reached skill level 1 in Armour
   915 | D:2      | Reached skill level 5 in Ranged Weapons
   969 | D:2      | Found Xoakotti's Magic Scroll Shoppe.
  1026 | D:2      | 1026 ||| BUYING scroll of identify (28 gold).
  1026 | D:2      | Bought a scroll of identify for 28 gold pieces
  1026 | D:2      | 1026 ||| SHOPLISTING scroll of identify (28 gold, have 20).
  1375 | D:2      | Found a white marble altar of Elyvilon.
  1424 | D:2      | 1424 ||| UPGRADING to +0 helmet.
  1429 | D:2      | 1429 ||| UPGRADING to ring of resist corrosion.
  1430 | D:2      | 1430 ||| READING scroll labelled ZUQEZE ZEBOIRO.
  1431 | D:2      | 1431 ||| READING scroll labelled ASOINA LAERGH.
  1432 | D:2      | 1432 ||| READING 4 scrolls of identify.
  1432 | D:2      | 1432 ||| IDENTIFYING lumpy purple potion
  1433 | D:2      | 1433 ||| READING 3 scrolls of identify.
  1433 | D:2      | 1433 ||| IDENTIFYING green potion
  1434 | D:2      | 1434 ||| DROPPING potion of enlightenment.
  1493 | D:3      | Reached skill level 3 in Fighting
  1493 | D:3      | Reached XP level 4. HP: 28/28 MP: 4/4
  1503 | D:3      | 1503 ||| FLEEEEING.
  1511 | D:3      | 1511 ||| STAIRDANCE
  1569 | D:3      | Found a faded altar of an unknown god.
  1774 | D:3      | Found a bloodstained altar of Trog.
  1790 | D:3      | Found a shimmering blue altar of Sif Muna.
  1790 | D:3      | Noticed Jessica
  1791 | D:3      | Killed Jessica
  1792 | D:3      | Reached XP level 5. HP: 32/32 MP: 5/5
  1842 | D:3      | 1842 ||| FLEEEEING.
  1843 | D:3      | 1843 ||| FLEEEEING.
  1844 | D:3      | 1844 ||| FLEEEEING.
  1845 | D:3      | 1845 ||| FLEEEEING.
  1848 | D:3      | 1848 ||| FLEEEEING.
  1849 | D:3      | 1849 ||| FLEEEEING.
  1850 | D:3      | 1850 ||| FLEEEEING.
  1853 | D:3      | 1853 ||| FLEEEEING.
  1854 | D:3      | 1854 ||| FLEEEEING.
  1855 | D:3      | 1855 ||| FLEEEEING.
  1856 | D:3      | 1856 ||| FLEEEEING.
  1857 | D:3      | 1857 ||| FLEEEEING.
  1858 | D:3      | 1858 ||| FLEEEEING.
  1859 | D:3      | 1859 ||| FLEEEEING.
  1860 | D:3      | 1860 ||| FLEEEEING.
  1861 | D:3      | 1861 ||| FLEEEEING.
  1862 | D:3      | 1862 ||| FLEEEEING.
  1863 | D:3      | 1863 ||| FLEEEEING.
  1864 | D:3      | 1864 ||| FLEEEEING.
  1865 | D:3      | 1865 ||| FLEEEEING.
  1866 | D:3      | 1866 ||| FLEEEEING.
  1867 | D:3      | 1867 ||| FLEEEEING.
  1868 | D:3      | 1868 ||| FLEEEEING.
  1869 | D:3      | 1869 ||| FLEEEEING.
  1870 | D:3      | 1870 ||| FLEEEEING.
  1873 | D:3      | 1873 ||| FLEEEEING.
  1879 | D:3      | 1879 ||| STAIRDANCE
  1896 | D:2      | 1896 ||| READING scroll labelled SIMNUF MIMAOCA.
  1997 | D:2      | 1997 ||| READING scroll labelled BIEPTI WARPHITA.
  1998 | D:2      | 1998 ||| READING 2 scrolls of identify.
  1998 | D:2      | 1998 ||| IDENTIFYING blue potion
  2004 | D:3      | Reached skill level 6 in Ranged Weapons
  2187 | D:3      | Reached XP level 6. HP: 13/38 MP: 6/6
  2350 | D:3      | Found a broken altar of Ashenzari.
  2383 | D:3      | 2383 ||| DROPPING ring of wizardry.
  2408 | D:4      | 2408 ||| STAIRDANCE
  2411 | D:3      | Slain by an ogre

Levels and vault maps discovered:
D:1:      dpeg_arrival_orchard, layout_basic, serial_shops, shop
D:2:      layout_loops_ring, serial_shops, nicolae_shop_gibbet_a_chance,
          basic_altar
D:3:      layout_basic, nzn_overflow_gifts_of_might_and_magic,
          nicolae_ashenzari_skybound, hellmonk_ecumenical_altar_run_dry
D:4:      layout_rooms, worldfamousw_hep_ancestral_shrine,
          mainiacjoe_overflow_cross_hatched, biasface_ghost_orc_armoury

Skill      XL: |  1  2  3  4  5 |
---------------+----------------+-----
Armour         | 1 |  1.1
Ranged Weapons | 5 6 |  6.1
Fighting       | 3 4 |  4.2
Dodging        | |  1.5
Stealth        | |  1.1

Action                     |  1- 3 |  4- 6 || total
---------------------------+-------+-------++-------
   Fire: Shortbow          |   116 |    67 ||   183
    Use: Scroll            |     8 |     3 ||    11
 Armour: Leather armour    |    14 |       ||    14
         Ring mail         |    11 |    12 ||    23
  Dodge: Dodged            |    26 |    11 ||    37

Table legend:
 A = Non-vault XP
 B = Vault XP
 C = Vault XP percentage of total XP
 D = Non-vault monster count
 E = Vault monster count
 F = Vault count percentage of total count
                 A         B        C        D         E       F
            +---------+---------+-------+---------+---------+-------
      Total |     288 |      51 |  15.0 |      53 |       2 |   3.6
            +---------+---------+-------+---------+---------+-------
        D:1 |      37 |       0 |   0.0 |      19 |       0 |   0.0
        D:2 |      40 |       0 |   0.0 |      13 |       0 |   0.0
        D:3 |     211 |      51 |  19.5 |      21 |       2 |   8.7
            +---------+---------+-------+---------+---------+-------
